 Dungeon Crawl Stone Soup version 0.29-a0-542-g075992c915 (webtiles) character file.

Game seed: 2531390171972633015

657797 Morbidden the Gnoll Aeon (level 27, 19/288 HPs)
             Began as a Gnoll Conjurer on June 2, 2022.
             Was the Champion of Cheibriados.
             Quit the game in Pandemonium on June 3, 2022.
             The game lasted 03:54:56 (89584 turns).

Morbidden the Gnoll Aeon (Gnoll Conjurer)          Turns: 89584, Time: 03:54:56

Health: 19/288     AC: 37    Str: 32      XL:     27
Magic:  2/42       EV: 30    Int: 33 (42) God:    Cheibriados [******]
Gold:   5310       SH: 32    Dex: 26 (27) Spells: 3/65 levels left

rFire   . . .      SeeInvis .   b - +9 broad axe (holy)
rCold   + + .      Faith    .   I - +8 tower shield {reflect}
rNeg    + + .      Spirit   +   (body armour currently unavailable)
rPois   ∞          Reflect  +   y - +2 hat of the Bear Spirit {Spirit, *Rage Will++}
rElec   +          Harm     .   r - +2 cloak
rCorr   .          Rampage  .   (gloves currently unavailable)
Will    ++++.      Rage     20% (boots currently unavailable)
Stlth   +++++++...              m - amulet of magic regeneration
HPRegen 0.58/turn               l - ring of Qoqury {rN+ Str+5 Slay+4}
MPRegen 0.68/turn               F - ring of Pogh {Wiz *Slow rC++ Slay+3}

@: statue-form, silenced, flying (expiring), studying Fire Magic, very slow
A: slow and powerful, torment resistance 1, boosted hp, fangs 1, strong nose,
distributed training, deterioration 2, low MP 1, strong 1, sturdy frame 1
}: 4/15 runes: serpentine, barnacled, silver, abyssal
a: End Transformation, Renounce Religion


You were in Pandemonium.
You worshipped Cheibriados.
Cheibriados was exalted by your worship.
You were a living statue of rough stone.
You visited 12 branches of the dungeon, and saw 53 of its levels.
You visited Pandemonium 1 time, and saw 1 of its levels.
You visited the Abyss 2 times.
You visited 1 bazaar.
You also visited: Sewer, Bailey, Gauntlet, Ice Cave, Volcano and Wizlab.

You collected 8618 gold pieces.
You spent 3308 gold pieces at shops.

Inventory:

Hand Weapons
 a - the +3 Elemental Staff {rElec rF++ rC++ AC+5}
   (You acquired it on level 1 of the Crypt)

   If the wielder is skilled in Evocations, they can discharge powerful blasts
   of elemental energy when striking with it.
   It enhances your fire, ice, earth and air magic.
   AC:        It affects your AC (+5).
   rF:        It greatly protects you from fire.
   rC:        It greatly protects you from cold.
   rElec:     It insulates you from electricity.
 b - a +9 broad axe of holy wrath (weapon)
Missiles
 h - 23 boomerangs
 q - 8 curare-tipped darts
 A - 15 javelins
 H - 11 silver boomerangs (quivered)
 X - 24 silver javelins
Armour
 r - a +2 cloak (worn)
 t - the +5 ring mail of Creativity (melded) {rElec rPois Stlth+}
   (You took it off a minotaur in a Gauntlet)

   rElec:     It insulates you from electricity.
   rPois:     It protects you from poison.
   Stlth:     It makes you more stealthy.
 y - the +2 hat of the Bear Spirit (worn) {Spirit, *Rage Will++}
   (You found it on level 2 of the Snake Pit)

   Going berserk makes the wearer tougher, and they're slowed less afterward.
   *Rage:     It berserks you when you make melee attacks (+20% chance).
   Will:      It greatly increases your willpower.
 I - a +8 tower shield of reflection (worn)
 O - a +2 pair of boots of stealth (melded)
 R - the +1 gold dragon scales "Pughatuch" {Harm rPois rF+ rC+ Will+ Regen+ Str+2}
   (You took it off an orc on level 5 of the Vaults)

   Str:       It affects your strength (+2).
   rF:        It protects you from fire.
   rC:        It protects you from cold.
   rPois:     It protects you from poison.
   Regen:     It increases your rate of health regeneration.
   Harm:      It increases damage dealt and taken.
   Will:      It increases your willpower.
 U - the +2 pair of gloves "Kagrasonor" (melded) {rC+ rN+}
   (You acquired it in a bailey)

   rC:        It protects you from cold.
   rN:        It protects you from negative energy.
Jewellery
 l - the ring of Qoqury (left fist) {rN+ Str+5 Slay+4}
   (You acquired it in a wizard's laboratory)

   [ring of slaying]

   Str:       It affects your strength (+5).
   Slay:      It affects your accuracy & damage with ranged weapons and melee
   (+4).
   rN:        It protects you from negative energy.
 m - an amulet of magic regeneration (around neck)
 n - a ring of protection from fire
 v - a ring of see invisible
 F - the ring of Pogh (right fist) {Wiz *Slow rC++ Slay+3}
   (You acquired it on level 3 of the Lair of Beasts)

   [ring of wizardry]

   It improves your spell success rate.
   Slay:      It affects your accuracy & damage with ranged weapons and melee
   (+3).
   rC:        It greatly protects you from cold.
   *Slow:     It may slow you when you take damage.
 J - the ring "Ehoqosch" {rPois rN+ MP+9 Dex+2}
   (You found it in a Gauntlet)

   [ring of positive energy]

   Dex:       It affects your dexterity (+2).
   rPois:     It protects you from poison.
   rN:        It protects you from negative energy.
   MP:        It affects your magic capacity (+9).
Wands
 c - a wand of paralysis (15)
 B - a wand of mindburst (25)
 D - a wand of acid (26)
 G - a wand of flame (75)
 S - a wand of iceblast (42)
 T - a wand of digging (16)
Scrolls
 e - 5 scrolls of silence
 f - 8 scrolls of enchant armour
 p - 3 scrolls of amnesia
 s - 15 scrolls of teleportation
 z - 5 scrolls of enchant weapon
 C - 9 scrolls of magic mapping
 M - 3 scrolls of blinking
 P - a scroll of summoning
 V - 8 scrolls of fear
 Z - 10 scrolls of poison
Potions
 g - 5 potions of might
 j - 9 potions of cancellation
 k - 27 potions of curing
 o - 3 potions of heal wounds
 E - 7 potions of mutation
 L - 4 potions of ambrosia
 W - 2 potions of resistance
Miscellaneous
 i - the horn of Geryon
 u - a box of beasts (inert)
 w - a condenser vane
 x - a lightning rod (4/4)
 Y - a tin of tremorstones (1/2)


   Skills:
 + Level 19.3 Fighting
 + Level 19.3 Short Blades
 + Level 19.3 Long Blades
 + Level 19.3 Axes
 + Level 19.3 Maces & Flails
 + Level 19.3 Polearms
 + Level 19.3 Staves
 + Level 19.3 Slings
 + Level 19.3 Bows
 + Level 19.3 Crossbows
 + Level 19.3 Throwing
 + Level 19.3 Armour
 + Level 19.8 Dodging
 + Level 19.7 Stealth
 + Level 19.3 Shields
 + Level 19.3 Unarmed Combat
 + Level 19.9 Spellcasting
 + Level 17.8 Conjurations
 + Level 16.5 Hexes
 + Level 16.5 Summonings
 + Level 16.5 Necromancy
 + Level 16.5 Translocations
 + Level 16.5 Transmutations
 + Level 20.4 Fire Magic
 + Level 16.5 Ice Magic
 + Level 16.5 Air Magic
 + Level 16.5 Earth Magic
 + Level 16.5 Poison Magic
 + Level 20.9 Invocations
 + Level 19.3 Evocations


You had 3 spell levels left.
You knew the following spells:

 Your Spells              Type           Power      Damage    Failure   Level
a - Airstrike             Air            48%        N/A       1%          4
b - Lehudib's Crystal Sp  Conj/Erth      49%        10d12     6%          8
c - Fire Storm            Conj/Fire      51%        8d13      34%         9
d - Ozocubu's Refrigerat  Ice            48%        4d14      1%          7
e - Storm Form            Tmut/Air       48%        N/A       1%          7
f - Fireball              Conj/Fire      51%        3d20      1%          5
s - Statue Form           Tmut/Erth      64%        N/A       1%          6
v - Spellforged Servitor  Conj/Summ      49%        N/A       1%          7
x - Irradiate             Conj/Tmut      49%        3d29      1%          5
z - Iskenderun's Mystic   Conj/Tloc      98%        2d19      0%          4

Your spell library contained the following spells:

 Spells                   Type           Power      Damage    Failure   Level
 Apportation              Tloc           100%       N/A       0%          1
 Foxfire                  Conj/Fire      100%       2x1d9     0%          1
 Magic Dart               Conj           100%       1d8       0%          1
 Necrotize                Necr           100%       1d9       0%          1
 Shock                    Conj/Air       100%       1d9       0%          1
 Slow                     Hex            100%       N/A       0%          1
 Sting                    Tmut/Pois      100%       1d8       0%          1
 Summon Small Mammal      Summ           100%       N/A       0%          1
 Blink                    Tloc           100%       N/A       0%          2
 Ensorcelled Hibernation  Hex/Ice        100%       N/A       0%          2
 Passwall                 Tmut/Erth      80%        N/A       0%          2
 Poisonous Vapours        Pois/Air       100%       N/A       0%          2
 Scorch                   Fire           100%       2d10      0%          2
 Searing Ray              Conj           100%       2d8       0%          2
 Sublimation of Blood     Necr           97%        N/A       0%          2
 Wereblood                Tmut           97%        N/A       0%          2
 Call Canine Familiar     Summ           97%        N/A       0%          3
 Confusing Touch          Hex            97%        N/A       0%          3
 Conjure Flame            Conj/Fire      100%       6-21      0%          3
 Dazzling Flash           Conj/Hex       100%       N/A       0%          3
 Ignite Poison            Fire/Tmut/Pois 100%       N/A       0%          3
 Inner Flame              Hex/Fire       100%       N/A       0%          3
 Mephitic Cloud           Conj/Pois/Air  98%        N/A       0%          3
 Ozocubu's Armour         Ice            97%        N/A       0%          3
 Portal Projectile        Hex/Tloc       100%       N/A       0%          3
 Spider Form              Tmut/Pois      97%        N/A       0%          3
 Tukima's Dance           Hex            97%        N/A       0%          3
 Vampiric Draining        Necr           97%        2d12      0%          3
 Flame Wave               Conj/Fire      100%       2d17      0%          4
 Fulminant Prism          Conj/Hex       49%        3d21      0%          4
 Sticky Flame             Conj/Fire      100%       2d11      0%          4
 Anguish                  Hex/Necr       48%        N/A       1%          4
 Animate Armour           Summ/Erth      100%       N/A       1%          4
 Animate Dead             Necr           97%        N/A       1%          4
 Cause Fear               Hex            48%        N/A       1%          4
 Corpse Rot               Necr/Pois/Air  97%        N/A       1%          4
 Dispel Undead            Necr           97%        3d30      1%          4
 Ice Form                 Ice/Tmut       97%        N/A       1%          4
 Leda's Liquefaction      Hex/Erth       48%        N/A       1%          4
 Olgreb's Toxic Radiance  Pois           97%        N/A       1%          4
 Passage of Golubria      Tloc           97%        N/A       1%          4
 Petrify                  Tmut/Erth      97%        N/A       1%          4
 Summon Lightning Spire   Summ/Air       97%        N/A       1%          4
 Agony                    Necr           97%        N/A       1%          5
 Alistair's Intoxication  Tmut/Pois      64%        N/A       1%          5
 Blade Hands              Tmut           48%        N/A       1%          5
 Freezing Cloud           Conj/Ice/Air   49%        6-21      1%          5
 Iskenderun's Battlesphe  Conj           100%       2d15      1%          5
 Lee's Rapid Deconstruct  Erth           48%        3d24*     1%          5
 Lightning Bolt           Conj/Air       49%        1d69      1%          5
 Manifold Assault         Tloc           97%        N/A       1%          5
 Metabolic Englaciation   Hex/Ice        48%        N/A       1%          5
 Silence                  Hex/Air        48%        N/A       1%          5
 Summon Forest            Summ/Tloc      48%        N/A       1%          5
 Summon Mana Viper        Hex/Summ       97%        N/A       1%          5
 Yara's Violent Unravell  Hex/Tmut       48%        3d19      1%          5
 Conjure Ball Lightning   Conj/Air       49%        3x3d17    1%          6
 Death Channel            Necr           48%        N/A       1%          6
 Dispersal                Tloc           48%        N/A       1%          6
 Eringya's Noxious Bog    Tmut/Pois      48%        N/A       1%          6
 Iron Shot                Conj/Erth      49%        9d9       1%          6
 Simulacrum               Ice/Necr       48%        N/A       1%          6
 Starburst                Conj/Fire      51%        6d14      1%          6
 Summon Cactus Giant      Summ           48%        N/A       1%          6
 Enfeeble                 Hex            48%        N/A       1%          7
 Haunt                    Necr/Summ      48%        N/A       1%          7
 Orb of Destruction       Conj           50%        9d13      1%          7
 Summon Hydra             Summ           48%        N/A       1%          7
 Discord                  Hex            48%        N/A       7%          8
 Disjunction              Tloc           48%        N/A       7%          8
 Infestation              Necr           48%        N/A       7%          8
 Chain Lightning          Conj/Air       49%        3d65      61%         9
 Polar Vortex             Ice            48%        N/A       69%         9
 Shatter                  Erth           48%        3d37*     69%         9


Dungeon Overview and Level Annotations

Branches:
Dungeon (15/15)            Temple (1/1) D:6            Lair (6/6) D:8
 Shoals (4/4) Lair:4        Snake (4/4) Lair:4        Slime (0/5) Lair:6
    Orc (2/2) D:9             Elf (3/3) Orc:2        Vaults (5/5) D:13
  Crypt (3/3) Vaults:2       Tomb (0/3) Crypt:3      Depths (4/4) D:15
   Hell (visited)             Dis (0/7) Hell            Geh (0/7) Hell
    Coc (0/7) Hell            Tar (0/7) Hell            Zot (5/5) Depths:4
  Sewer (visited)          Bailey (visited)           IceCv (visited)
Volcano (visited)          WizLab (visited)         Gauntlet (visited)

Altars:
Cheibriados
Dithmenos
Elyvilon
Fedhas
Gozag
Kikubaaqudgha
Okawaru
Qazlal
Ru
Sif Muna
Uskayaw
Vehumet
Wu Jian
Yredelemnul
Zin
The Shining One
Beogh
Jiyva

Shops:
D:15 *   Orc:2 !*??   Elf:1 ?=   Elf:2 [(*   Shoals:2 :   Snake:2 [[(*
Depths:1 =:=

Portals:
Hell: Depths:1 Depths:2 Depths:3 Depths:4
Abyss: Depths:2 Depths:3
Pandemonium: Depths:2 Depths:4
Ziggurat: Depths:2

Annotations:
D:4 2 transporters, emergency's ghost, amateur GrGl
D:12 3 runed translucent doors, Fekuk's ghost, journeyman DjCj; Longtemps's ghost, journeyman OpEE; Tam More's ghost, novice MiFi
Elf:2 3 runed translucent doors
Crypt:2 1 runed translucent door, Arizal's ghost, veteran MiBe
Zot:4 6 transporters
Zot:5 exclusions: orb of fire and 1 more exclusion
Pan Lom Lobon


Innate Abilities, Weirdness & Mutations

You are a living statue of rough stone.
Your actions are slow, but your melee attacks are powerful.
You are resistant to unholy torment.
Your maximum health is greatly increased.
You are immune to poison.
Your equipment is partially melded.
You have very sharp teeth.
Your uncanny sense of smell can sniff out nearby items.
Your experience applies equally to all skills.
Your body often deteriorates upon taking damage.
Your magical capacity is low. (-10% MP)
Your muscles are strong. (Str +2)
Your movements are slightly less encumbered by armour. (ER -2)


Message History

Unknown command.
The ice encasing you melts away. The freezing vortex lifts you up.
You fly up into the air.
* * * LOW HITPOINT WARNING * * *
x2 Lom Lobon gestures at you.
Lom Lobon conjures a mighty blast of ice!
The great icy blast engulfs you!!! You partially resist.
* * * LOW HITPOINT WARNING * * *
Your body deteriorates!
You feel clumsy.
You are encased in ice.
Unknown command.
Unknown command.
Unknown command.
Unknown command.
Unknown command.
Unknown command.
You slice Lom Lobon!!
Lom Lobon convulses!
You bite Lom Lobon.
Lom Lobon is heavily wounded.
* * * LOW HITPOINT WARNING * * *
The winds around Lom Lobon start to calm down.
You block Lom Lobon's attack.
Unknown command.
Unknown command.
Unknown command.
Unknown command.
You don't have enough magic at the moment.
Unknown command.
Unknown command.
Unknown command.
As you read the scroll of silence, it crumbles to dust.
A profound silence engulfs you.
You are engulfed in whirling frost.
The ice encasing you melts away. You block Lom Lobon's attack.
Your magical contamination has completely faded away.
Unknown command.
Unknown command.
Magic scrolls do not work when you're silenced!
Unknown command.
Unknown command.
Okay, then.
Are you sure you want to abandon this character and quit the game? (Confirm with "yes".)

..≈≈≈≈≈.≈≈≈≈##...≈≈≈...≈#
#..≈≈≈≈≈≈≈≈≈##...≈≈...≈≈#
#..≈≈≈≈≈≈≈≈≈###..≈....≈##
##..≈≈≈≈≈≈≈## #......≈≈#
≈#...≈≈≈≈≈≈# ##....≈≈##
≈##...≈≈≈≈## ###≈≈≈##
≈≈##....### ######∆
≈≈##..### ###...### #
≈≈##))# ##§8&..§§##.#
≈##≈≈.## #§.§§.§..§#'#
≈#≈≈≈.≈# ##§.....§§§.#
≈#≈≈≈.≈## #§.§§§..°§..##
##≈≈.≈≈≈## ##○...§§.§....#
#≈≈≈.≈≈≈≈###..§.§§....§..#
#≈≈≈.≈≈≈≈≈#....§.........#
#≈≈≈.≈≈≈≈≈°.........○....#
#≈≈≈...≈≈≈§☼#§§§☼........#


You could see Lom Lobon (gusty, unsilenced).

Vanquished Creatures
  2 dread liches (Vaults:5)
  3 ancient liches
  An orb of fire (Zot:1)
  A Killer Klown (Zot:4)
  Frederick (Crypt:3)
  Bai Suzhen (Vaults:4)
  6 curse toes
  7 golden dragons
  5 bone dragons
  4 doom hounds (Hell)
  An electric golem (Zot:3)
  A shard shrike zombie (Crypt:3)
  A hellephant (Hell)
  A Tzitzimitl (Hell)
  19 tentacled monstrosities
  A shard shrike skeleton (Crypt:3)
  8 quicksilver dragons
  9 titans
  Rupert (Lair:3)
  A deep elf blademaster (Elf:3)
  Asterion (Depths:1)
  6 liches
  3 deep elf master archers (Elf:3)
  6 sphinxes
  3 tentacled starspawn (Abyss:4)
  17 storm dragons
  2 ancient champions
  8 death cobs
  A kraken (Shoals:2)
  A daeva (Abyss:4)
  9 nagarajas
  7 draconian monks
  6 shadow dragons
  2 tengu reavers
  A revenant (Crypt:2)
  5 fire giants
  5 draconian knights
  13 deep elf sorcerers
  An iron dragon (Vaults:4)
  2 orc warlords
  Louise (Depths:3)
  6 draconian scorchers
  A balrug (Hell)
  A cacodemon (Hell)
  4 ghost moths
  Aizul (Shoals:3)
  16 vault wardens
  4 draconian shifters
  4 frost giants
  4 caustic shrike zombies
  3 spectral caustic shrikes (Depths:3)
  4 curse skulls
  12 draconian annihilators
  6 draconian stormcallers
  12 reapers
  7 deep elf elementalists (Elf:3)
  22 ironbound preservers
  5 vampire knights
  A juggernaut skeleton (Crypt:3)
  36 very ugly things
  18 stone giants
  10 ironbound thunderhulks
  A quicksilver ooze (Gauntlet)
  4 demonspawn corrupters (WizLab)
  17 black draconians
  6 green draconians
  14 deep elf annihilators
  4 minotaurs
  10 purple draconians
  12 spark wasps
  2 lorocyprocas
  9 white draconians
  8 deep elf demonologists
  18 dire elephants
  5 yellow draconians
  A putrid mouth (Hell)
  Azrael (D:13)
  11 red draconians
  2 entropy weavers
  17 blizzard demons
  12 ettins
  2 iron golems (Hell)
  A mummy priest (Crypt:3)
  5 fire dragons
  9 eidola
  2 crystal guardians (Vaults:1)
  4 merfolk impalers
  7 deep elf death magi
  20 green deaths
  6 merfolk javelineers
  9 deep elf high priests
  A great orb of eyes (Vaults:1)
  Josephine (D:14)
  11 jiangshi
  Harold (D:10)
  15 yaktaur captains
  5 ice dragons
  3 salamander tyrants (Snake:4)
  A fenstrider witch zombie (Crypt:1)
  2 peacekeepers
  6 hydras
  29 vault guards
  A quicksilver dragon skeleton (Crypt:3)
  5 rakshasas
  2 spriggan air magi
  A spriggan skeleton (Crypt:3)
  A catoblepas (Lair:5)
  6 boulder beetles
  2 hell beasts (Depths:4)
  A fenstrider witch skeleton (Crypt:3)
  A death knight (Crypt:1)
  11 centaur warriors
  11 satyrs
  2 merfolk avatars (Shoals:1)
  9 ironbound frosthearts
  16 anacondas
  5 two-headed ogres
  4 death yaks (Lair:4)
  5 tengu warriors
  An azure jelly zombie (Crypt:2)
  3 merfolk aquamancers
  8 deep troll shamans
  14 dancing weapons
  20 naga warriors
  4 vampire magi
  6 deep troll earth magi
  3 hell hogs (Hell)
  8 naga sharpshooters
  4 orc high priests (Orc:2)
  4 thrashing horrors (Abyss:4)
  11 shock serpents
  A spriggan berserker (Depths:1)
  9 soul eaters
  11 deep elf knights
  3 wretched stars (Abyss:4)
  9 hell knights
  8 sun demons (Hell)
  11 iron trolls
  Sonja (Lair:3)
  2 shadow wraiths (Crypt:2)
  17 skeletal warriors
  Amaemon (Lair:1)
  5 salamander mystics
  2 storm dragon skeletons
  A fire crab (Lair:4)
  An anaconda zombie (Crypt:3)
  19 sixfirhies
  2 glowing orange brains
  Lodul (D:12)
  A bunyip zombie (Crypt:3)
  60 deep trolls
  A spatial maelstrom (Abyss:4)
  13 sea snakes
  An orb spider (Abyss:4)
  5 flayed ghosts
  A swamp dragon (shapeshifter) (Depths:3)
  23 wizards
  9 naga ritualists
  12 deep elf archers
  21 harpies
  An anaconda skeleton (Crypt:2)
  9 lindwurms
  2 bunyip skeletons
  25 phantasmal warriors
  20 necromancers
  A shadow dragon zombie (Crypt:3)
  17 ironbound convokers
  9 orc knights
  19 deep elf zephyrmancers
  32 deep elf pyromancers
  3 wolf spiders
  6 orc sorcerers
  An eleionoma zombie (Crypt:1)
  10 mana vipers
  46 ugly things
  6 manticores
  17 fauns
  28 moths of wrath
  4 cyclopes
  20 salamanders
  A naga zombie (Crypt:3)
  4 worldbinders (WizLab)
  23 elephants
  4 dire elephant zombies
  16 vault sentinels
  12 guardian serpents
  2 ice statues (IceCv)
  6 water nymphs
  Joseph (D:8)
  75 smoke demons
  14 apocalypse crabs
  35 black mambas
  2 gargoyles (D:11)
  Maurice (D:13)
  2 rust devils (Hell)
  18 naga magi
  8 merfolk sirens
  2 centaur zombies
  3 orange demons
  20 cane toads
  A stone giant skeleton (Crypt:3)
  2 red draconian zombies
  2 cane toads (shapeshifter)
  2 torpor snails (Lair:4)
  14 komodo dragons
  3 centaur skeletons
  4 efreet
  2 hellions (Hell)
  7 freezing wraiths
  A death yak zombie (Crypt:1)
  2 unseen horrors
  11 swamp worm zombies (Crypt:1)
  Psyche (D:9)
  A komodo dragon (shapeshifter) (D:13)
  6 rime drakes
  3 tormentors (Hell)
  4 kobold demonologists
  2 sea snake zombies (Hell)
  6 tengu conjurers
  A pale draconian skeleton (Crypt:2)
  72 hellwings
  5 ancient zymes
  9 ice devils (Hell)
  19 yaktaurs
  A human skeleton (Vaults:1)
  A death yak skeleton (Crypt:2)
  A yaktaur skeleton (Vaults:1)
  A guardian mummy (Crypt:3)
  A polar bear (shapeshifter) (D:14)
  24 merfolk
  5 trolls
  4 hydra zombies (Hell)
  A red devil (Depths:2)
  3 harpy zombies
  An iron troll skeleton (Crypt:2)
  A merfolk (shapeshifter) (WizLab)
  4 hornets
  5 wind drakes
  3 tyrant leeches (Lair:6)
  2 polar bears
  3 meliai (D:15)
  A snapping turtle (shapeshifter) (D:15)
  A harpy skeleton (D:15)
  15 raiju
  11 blink frogs
  17 slime creatures
  A shadow dragon simulacrum (Hell)
  2 blink frogs (shapeshifter) (Elf:2)
  10 snapping turtles
  3 hydra skeletons
  A wind drake (shapeshifter) (D:13)
  16 dream sheep
  A tarantella zombie (Crypt:1)
  2 ettin zombies (Crypt:3)
  A fire dragon zombie (Hell)
  22 starcursed masses
  4 vampires
  A shadow (D:9)
  5 air elementals
  A naga simulacrum (Crypt:1)
  An alligator skeleton (Hell)
  14 water elementals
  2 wyverns (Lair:4)
  4 fire bats (Depths:2)
  3 ettin skeletons
  2 ushabtiu (Crypt:3)
  31 yaks
  3 ynoxinuls
  11 wraiths
  7 basilisks
  Grum (D:8)
  13 vampire mosquitoes
  A basilisk (shapeshifter) (Abyss:4)
  6 fire elementals
  A chaos spawn (Abyss:4)
  5 redbacks (Crypt:3)
  A sea snake simulacrum (Hell)
  46 nagas
  6 neqoxecs
  3 wargs
  3 spatial vortices (Abyss:4)
  A harpy simulacrum (Hell)
  A warg (shapeshifter) (Vaults:4)
  11 large abominations
  An acid dragon (D:13)
  15 water moccasins
  8 hell hounds
  45 orc warriors
  A black bear (Lair:4)
  A sky beast (D:6)
  A sky beast (shapeshifter) (Elf:3)
  A naga skeleton (Crypt:3)
  2 ice beasts (D:7)
  18 ogres
  42 wolves
  An ogre (shapeshifter) (Vaults:5)
  11 centaurs
  A phantom (D:5)
  3 kobold brigands
  18 bullfrogs
  2 earth elementals
  A gnoll sergeant (D:9)
  A scorpion (D:6)
  9 wyvern skeletons (Crypt:3)
  An ogre simulacrum (Vaults:2)
  7 wights
  4 spriggan zombies
  A polar bear zombie (Crypt:2)
  15 small abominations
  4 lindwurm simulacra (IceCv)
  A polar bear skeleton (Crypt:1)
  11 killer bees (D:9)
  3 howler monkeys
  A wolf zombie (Crypt:2)
  7 electric eels
  4 quasits
  6 komodo dragon simulacra (IceCv)
  7 hounds
  16 orc priests
  7 jellies
  3 iron imps
  Jessica (D:2)
  Natasha (twice) (D:2)
  2 iguanas (D:5)
  18 orc wizards
  6 hell rats (Lair:6)
  17 gnolls
  8 acid dragon simulacra (IceCv)
  17 adders
  4 river rats (Sewer)
  4 white imps
  3 ufetubi (D:5)
  3 steam dragon simulacra (IceCv)
  7 worms
  4 dart slugs
  62 orcs
  8 bats
  11 endoplasms
  3 giant cockroaches
  9 goblins
  15 hobgoblins
  3 jackals (Sewer)
  8 quokkas
  6 ball pythons
  9 frilled lizards
  14 kobolds
  8 rats
  A river rat skeleton (Crypt:1)
  2 ball lightnings (Pan)
  6 fire vortices
  2 starspawn tentacles (Abyss:4)
  4 tentacles (Shoals:2)
2670 creatures vanquished.

Vanquished Creatures (collateral kills)
  Geryon (Hell)
  3 quicksilver dragons
  A storm dragon (Zot:1)
  A tengu reaver (Vaults:3)
  A very ugly thing (Vaults:5)
  A red draconian (Zot:5)
  A yellow draconian (Zot:1)
  A dire elephant (Vaults:2)
  2 spark wasps (Depths:1)
  A purple draconian (Zot:5)
  A blizzard demon (Pan)
  A vault guard (Vaults:2)
  A satyr (Shoals:4)
  A dancing weapon (Elf:2)
  A deep elf knight (Elf:2)
  3 sea snakes (Shoals:4)
  2 deep trolls (Vaults:3)
  A harpy (Vaults:3)
  3 deep elf zephyrmancers (Elf:2)
  An ugly thing (Depths:1)
  A deep elf pyromancer (Elf:2)
  A manticore (Shoals:4)
  2 fauns (Shoals:4)
  A salamander (Snake:2)
  A black mamba (Snake:2)
  A naga zombie (Hell)
  A guardian serpent (Snake:2)
  A water nymph (Shoals:4)
  A smoke demon (Pan)
  A centaur skeleton (Abyss:2)
  A merfolk (Shoals:3)
  A wind drake (Shoals:4)
  A snapping turtle (Shoals:4)
  4 starcursed masses (Abyss:2)
  A naga (Snake:2)
  An orc warrior (Vaults:5)
  An orc wizard (Vaults:5)
  2 kobolds (Depths:3)
51 creatures vanquished.

Vanquished Creatures (others)
  A bone dragon (Depths:4)
  A titan (Pan)
  A nagaraja (Snake:4)
  A fire giant (Depths:3)
  A ghost moth (Zot:1)
  A deep elf sorcerer (Vaults:5)
  A draconian stormcaller (Depths:4)
  A spark wasp (Depths:1)
  A peacekeeper (Vaults:1)
  A dancing weapon (Elf:3)
  2 sixfirhies (Pan)
  2 deep elf knights (Elf:2)
  2 deep elf pyromancers
  A merfolk (Shoals:4)
  A yak (shapeshifter) (Elf:2)
  A boggart (Elf:1)
  An orc priest (Orc:2)
  2 orc wizards
  2 kobolds (D:8)
  21 ball lightnings (Pan)
  A block of ice (Pan)
  13 fire vortices
  44 fungi
  2 lurking horrors (Abyss:4)
  155 plants
  15 starspawn tentacles (Abyss:4)
  3 tentacles (Shoals:2)
  36 withered plants
314 creatures vanquished.

Grand Total: 3035 creatures vanquished

Notes
Turn   | Place    | Note
-------+----------+-------------------------------------------
     0 | D:1      | Morbidden the Gnoll Conjurer began the quest for the Orb.
     0 | D:1      | Reached XP level 1. HP: 13/13 MP: 6/6
   215 | D:1      | Reached XP level 2. HP: 19/19 MP: 3/7
   513 | D:1      | Learned a level 2 spell: Searing Ray
   854 | D:1      | Reached XP level 3. HP: 25/25 MP: 7/9
   911 | D:1      | Reached skill level 5 in Spellcasting
  1197 | D:2      | Noticed Jessica
  1203 | D:2      | Killed Jessica
  1204 | D:2      | Reached skill level 1 in Fighting
  1204 | D:2      | Reached skill level 1 in Short Blades
  1204 | D:2      | Reached skill level 1 in Long Blades
  1204 | D:2      | Reached skill level 1 in Axes
  1204 | D:2      | Reached skill level 1 in Maces & Flails
  1204 | D:2      | Reached skill level 1 in Polearms
  1204 | D:2      | Reached skill level 1 in Staves
  1204 | D:2      | Reached skill level 1 in Slings
  1204 | D:2      | Reached skill level 1 in Bows
  1204 | D:2      | Reached skill level 1 in Crossbows
  1204 | D:2      | Reached skill level 1 in Throwing
  1204 | D:2      | Reached skill level 1 in Armour
  1204 | D:2      | Reached skill level 1 in Shields
  1204 | D:2      | Reached skill level 1 in Unarmed Combat
  1204 | D:2      | Reached skill level 1 in Invocations
  1204 | D:2      | Reached skill level 1 in Evocations
  1204 | D:2      | Reached XP level 4. HP: 27/32 MP: 2/11
  1384 | D:2      | Learned a level 4 spell: Iskenderun's Mystic Blast
  1524 | D:2      | Noticed Natasha
  1529 | D:2      | Killed Natasha
  1530 | D:2      | Reached skill level 1 in Hexes
  1530 | D:2      | Reached skill level 1 in Summonings
  1530 | D:2      | Reached skill level 1 in Necromancy
  1530 | D:2      | Reached skill level 1 in Translocations
  1530 | D:2      | Reached skill level 1 in Transmutations
  1530 | D:2      | Reached skill level 1 in Fire Magic
  1530 | D:2      | Reached skill level 1 in Ice Magic
  1530 | D:2      | Reached skill level 1 in Air Magic
  1530 | D:2      | Reached skill level 1 in Earth Magic
  1530 | D:2      | Reached skill level 1 in Poison Magic
  1664 | D:2      | Found a faded altar of an unknown god.
  1803 | D:2      | Noticed Natasha
  1807 | D:2      | Killed Natasha
  1808 | D:2      | Reached XP level 5. HP: 37/37 MP: 9/12
  2009 | D:3      | Found a glowing drain.
  2031 | Sewer    | Entered a sewer
  2262 | Sewer    | Noticed a kobold brigand
  2277 | Sewer    | Killed a kobold brigand
  2278 | Sewer    | Reached XP level 6. HP: 5/44 MP: 8/14
  2284 | Sewer    | HP: 2/44 [adder (3)]
  2286 | Sewer    | Reached skill level 5 in Dodging
  4062 | D:4      | Noticed a small abomination
  4072 | D:4      | Noticed a small abomination
  4073 | D:4      | Noticed a small abomination
  4170 | D:4      | Reached XP level 7. HP: 50/50 MP: 10/15
  4531 | D:4      | Noticed emergency's ghost (amateur GrGl)
  4548 | D:4      | Found a transporter.
  4714 | D:4      | Found a transporter.
  4790 | D:5      | Entered Level 5 of the Dungeon
  5090 | D:5      | Reached skill level 5 in Stealth
  5374 | D:5      | Reached XP level 8. HP: 57/57 MP: 11/16
  5382 | D:5      | Noticed a kobold demonologist
  5441 | D:5      | Noticed a ynoxinul
  5444 | D:5      | Killed a kobold demonologist
  5976 | D:6      | Reached XP level 9. HP: 55/65 MP: 12/18
  6657 | D:6      | Found a staircase to the Ecumenical Temple.
  6668 | Temple   | Entered the Ecumenical Temple
  6711 | Temple   | Became a worshipper of Cheibriados the Contemplative
  7164 | D:7      | Identified the +6 mace of the Cursing Gods {drain, Int+3}
  7331 | D:7      | Found a glowing golden altar of the Shining One.
  7545 | D:8      | Noticed a hornet
  7549 | D:8      | Paralysed by a hornet for 2 turns
  7607 | D:8      | Found a flagged portal.
  7617 | Bailey   | Entered a bailey
  7791 | Bailey   | Learned a level 3 spell: Spider Form
  7938 | Bailey   | Reached skill level 5 in Invocations
  8095 | Bailey   | Reached * piety under Cheibriados
  8103 | Bailey   | Acquired the +2 pair of gloves "Kagrasonor" {rC+ rN+}
  8180 | Bailey   | Noticed a kobold demonologist
  8191 | Bailey   | Killed a kobold demonologist
  8304 | Bailey   | Reached XP level 10. HP: 69/73 MP: 13/20
  8333 | Bailey   | Learned a level 5 spell: Irradiate
  8376 | Bailey   | Noticed an orc knight
  8390 | Bailey   | Killed an orc knight
  8391 | Bailey   | Reached skill level 5 in Fighting
  8391 | Bailey   | Reached skill level 5 in Short Blades
  8391 | Bailey   | Reached skill level 5 in Long Blades
  8391 | Bailey   | Reached skill level 5 in Axes
  8391 | Bailey   | Reached skill level 5 in Maces & Flails
  8391 | Bailey   | Reached skill level 5 in Polearms
  8391 | Bailey   | Reached skill level 5 in Staves
  8391 | Bailey   | Reached skill level 5 in Slings
  8391 | Bailey   | Reached skill level 5 in Bows
  8391 | Bailey   | Reached skill level 5 in Crossbows
  8391 | Bailey   | Reached skill level 5 in Throwing
  8391 | Bailey   | Reached skill level 5 in Armour
  8391 | Bailey   | Reached skill level 5 in Shields
  8391 | Bailey   | Reached skill level 5 in Unarmed Combat
  8391 | Bailey   | Reached skill level 5 in Evocations
  8523 | Bailey   | Noticed an orc sorcerer
  8526 | Bailey   | Noticed a rust devil
  8529 | Bailey   | Noticed a smoke demon
  8814 | Bailey   | Found an iron altar of Okawaru.
  8844 | Bailey   | Killed an orc sorcerer
  9068 | D:8      | Noticed Joseph
  9079 | D:8      | Killed Joseph
  9126 | D:8      | Noticed Grum
  9128 | D:8      | Reached ** piety under Cheibriados
  9132 | D:8      | Killed Grum
  9205 | D:8      | Found a staircase to the Lair.
  9972 | D:9      | Reached *** piety under Cheibriados
 10066 | D:9      | Reached XP level 11. HP: 75/81 MP: 15/22
 10099 | D:9      | Found a staircase to the Orcish Mines.
 10854 | D:9      | Noticed a two-headed ogre
 10863 | D:9      | Killed a two-headed ogre
 10864 | D:9      | Reached skill level 5 in Hexes
 10864 | D:9      | Reached skill level 5 in Summonings
 10864 | D:9      | Reached skill level 5 in Necromancy
 10864 | D:9      | Reached skill level 5 in Translocations
 10864 | D:9      | Reached skill level 5 in Transmutations
 10864 | D:9      | Reached skill level 5 in Fire Magic
 10864 | D:9      | Reached skill level 5 in Ice Magic
 10864 | D:9      | Reached skill level 5 in Air Magic
 10864 | D:9      | Reached skill level 5 in Earth Magic
 10864 | D:9      | Reached skill level 5 in Poison Magic
 11006 | D:9      | Noticed Psyche
 11010 | D:9      | Paralysed by something for 5 turns
 11015 | D:9      | Killed Psyche
 11549 | D:10     | Entered Level 10 of the Dungeon
 11843 | D:10     | Reached **** piety under Cheibriados
 12066 | D:10     | Noticed Harold
 12084 | D:10     | Killed Harold
 12596 | Lair:1   | Entered Level 1 of the Lair of Beasts
 12784 | Lair:1   | Noticed Amaemon
 12807 | Lair:1   | Killed Amaemon
 12815 | Lair:1   | Reached XP level 12. HP: 24/89 MP: 14/24
 14217 | Lair:2   | Noticed a five-headed hydra
 14227 | Lair:2   | Killed a five-headed hydra
 14255 | Lair:2   | You fall into a shaft and drop 1 floor!
 14690 | Lair:2   | Noticed a four-headed hydra
 14698 | Lair:3   | Killed a four-headed hydra
 14918 | Lair:3   | Reached ***** piety under Cheibriados
 15553 | Lair:2   | Reached XP level 13. HP: 98/98 MP: 26/26
 16044 | Lair:3   | Acquired the ring of Pogh {Wiz *Slow rC++ Slay+3}
 16048 | Lair:3   | Noticed Sonja
 16052 | Lair:3   | Acquired a book of the Spheres
 16098 | Lair:3   | Killed Sonja
 16228 | Lair:3   | Noticed Rupert
 16239 | Lair:3   | Paralysed by Rupert for 5 turns
 16266 | Lair:3   | Killed Rupert
 16932 | Lair:4   | Reached skill level 10 in Conjurations
 17148 | Lair:4   | Found a frozen archway.
 17161 | IceCv    | Entered an ice cave
 17880 | IceCv    | Reached skill level 10 in Spellcasting
 18059 | IceCv    | Noticed an ice dragon
 18074 | IceCv    | Killed an ice dragon
 18534 | Lair:4   | Upgraded the game from 0.29-a0-541-gaf1fc19f1b to
                  | 0.29-a0-542-g075992c915
 18611 | Lair:4   | Reached ****** piety under Cheibriados
 18706 | Lair:4   | Found a staircase to the Snake Pit.
 18748 | Lair:4   | Found a staircase to the Shoals.
 19101 | Lair:4   | Reached skill level 10 in Dodging
 19104 | Lair:4   | Reached XP level 14. HP: 81/106 MP: 7/28
 19313 | Lair:4   | Noticed a dire elephant
 19317 | Lair:4   | Reached skill level 10 in Stealth
 19329 | Lair:4   | Killed a dire elephant
 19557 | Lair:5   | Reached skill level 10 in Invocations
 19568 | Lair:5   | Found a dark tunnel.
 19580 | Volcano  | Entered a volcano
 21230 | Lair:6   | Entered Level 6 of the Lair of Beasts
 22204 | Lair:6   | Found a viscous altar of Jiyva.
 22204 | Lair:6   | Found a staircase to the Slime Pits.
 22225 | Lair:6   | Reached XP level 15. HP: 82/115 MP: 6/29
 22367 | Lair:6   | Learned a level 5 spell: Fireball
 22478 | Lair:6   | Identified the +5 ring mail of the Kettle-Drum {Int+2}
 22490 | Lair:6   | Identified the +2 shortbow of Balance {freeze, Int+2}
 24052 | D:11     | Reached skill level 10 in Fighting
 24052 | D:11     | Reached skill level 10 in Short Blades
 24052 | D:11     | Reached skill level 10 in Long Blades
 24052 | D:11     | Reached skill level 10 in Axes
 24052 | D:11     | Reached skill level 10 in Maces & Flails
 24052 | D:11     | Reached skill level 10 in Polearms
 24052 | D:11     | Reached skill level 10 in Staves
 24052 | D:11     | Reached skill level 10 in Slings
 24052 | D:11     | Reached skill level 10 in Bows
 24052 | D:11     | Reached skill level 10 in Crossbows
 24052 | D:11     | Reached skill level 10 in Throwing
 24052 | D:11     | Reached skill level 10 in Armour
 24052 | D:11     | Reached skill level 10 in Shields
 24052 | D:11     | Reached skill level 10 in Unarmed Combat
 24052 | D:11     | Reached skill level 10 in Evocations
 24927 | D:12     | Found a runed translucent gate.
 24927 | D:12     | Found a runed translucent gate.
 24927 | D:12     | Found a runed translucent gate.
 24929 | D:12     | Noticed Fekuk's ghost (journeyman DjCj)
 24930 | D:12     | Noticed Longtemps's ghost (journeyman OpEE)
 24930 | D:12     | Noticed Tam More's ghost (novice MiFi)
 24931 | D:12     | Noticed Tam More's ghost (novice MiFi)
 25256 | D:12     | Noticed Lodul
 25264 | D:12     | Killed Lodul
 25494 | D:13     | Noticed Azrael
 25500 | D:13     | Killed Azrael
 25556 | D:13     | Noticed Maurice
 25572 | D:13     | Killed Maurice
 26068 | D:13     | Found a gate to the Vaults.
 26890 | D:14     | Found an ornate altar of the Wu Jian Council.
 26942 | D:14     | You are sucked into a shaft and drop 1 floor!
 26942 | D:15     | Entered Level 15 of the Dungeon
 27004 | D:14     | Found a gate leading to a gauntlet.
 27013 | Gauntlet | Entered a Gauntlet
 27013 | Gauntlet | Found a transporter.
 27013 | Gauntlet | Found a transporter.
 27053 | Gauntlet | Found a transporter.
 27056 | Gauntlet | Found a transporter.
 27056 | Gauntlet | Found a transporter.
 27072 | Gauntlet | Found a transporter.
 27078 | Gauntlet | Found a transporter.
 27093 | Gauntlet | Found a transporter.
 27116 | Gauntlet | Found a transporter.
 27141 | Gauntlet | Found a transporter.
 27158 | Gauntlet | Found a transporter.
 27212 | Gauntlet | Found a transporter.
 27255 | Gauntlet | Identified the ring "Ehoqosch" {rPois rN+ MP+9 Dex+2}
 27315 | Gauntlet | Identified the ring "Ytuanej" {rPois rN+++ Will+++ Dex-5
                  | Slay-6}
 27419 | Gauntlet | Identified the +4 shortbow of Anxiety {freeze, MP+9}
 27419 | Gauntlet | Identified the +5 ring mail of Creativity {rElec rPois
                  | Stlth+}
 27469 | Gauntlet | Learned a level 6 spell: Statue Form
 27485 | Gauntlet | Learned a level 4 spell: Airstrike
 27903 | D:14     | Noticed Josephine
 27912 | D:14     | Killed Josephine
 27913 | D:14     | Reached XP level 16. HP: 122/123 MP: 16/31
 28407 | D:15     | Found Nuoshal's Changing Room.
 29025 | D:15     | Found a staircase to the Depths.
 29557 | Orc:1    | Entered Level 1 of the Orcish Mines
 29890 | Orc:2    | Entered Level 2 of the Orcish Mines
 31411 | Orc:2    | Found a staircase to the Elven Halls.
 31535 | Orc:2    | Found Vonoduh's Magic Scroll Boutique.
 31538 | Orc:2    | Paralysed by an orc sorcerer for 3 turns
 31603 | Orc:2    | Found Mesim's Magic Scroll Emporium.
 31608 | Orc:2    | Bought a scroll of acquirement for 728 gold pieces
 31608 | Orc:2    | Acquired a book of Flames
 31613 | Orc:2    | Bought a scroll of magic mapping for 52 gold pieces
 31613 | Orc:2    | Bought a scroll of magic mapping for 52 gold pieces
 31613 | Orc:2    | Bought a scroll of teleportation for 45 gold pieces
 31613 | Orc:2    | Found Ykaazono's General Store.
 31617 | Orc:2    | Found Varus's Distillery.
 31623 | Orc:2    | Bought a scroll of magic mapping for 56 gold pieces
 31625 | Orc:2    | Bought a potion of experience for 700 gold pieces
 31625 | Orc:2    | Reached XP level 17. HP: 131/131 MP: 33/33
 32021 | Snake:1  | Entered Level 1 of the Snake Pit
 33274 | Snake:1  | Learned a level 6 spell: Simulacrum
 33601 | Snake:2  | Found Muarir's Gadget Gallery.
 34227 | Snake:2  | Reached XP level 18. HP: 44/138 MP: 34/34
 34981 | Snake:2  | Found Rilil's Antique Armour Shop.
 34983 | Snake:2  | Found Ruweethiha's Antique Armour Boutique.
 34985 | Snake:2  | Found Rinesh's Antique Weapon Shop.
 34985 | Snake:2  | Found the +2 hat of the Bear Spirit {Spirit, *Rage Will++}
 35023 | Snake:2  | Bought a brightly glowing chain mail for 228 gold pieces
 35023 | Snake:2  | Identified the +8 chain mail "Yxumugephu" {Str+2} (You
                  | bought it in a shop on level 2 of the Snake Pit)
 35032 | Snake:2  | Bought a pair of glowing boots for 247 gold pieces
 35566 | Snake:3  | Reached skill level 10 in Hexes
 35566 | Snake:3  | Reached skill level 10 in Summonings
 35566 | Snake:3  | Reached skill level 10 in Necromancy
 35566 | Snake:3  | Reached skill level 10 in Translocations
 35566 | Snake:3  | Reached skill level 10 in Transmutations
 35566 | Snake:3  | Reached skill level 10 in Fire Magic
 35566 | Snake:3  | Reached skill level 10 in Ice Magic
 35566 | Snake:3  | Reached skill level 10 in Air Magic
 35566 | Snake:3  | Reached skill level 10 in Earth Magic
 35566 | Snake:3  | Reached skill level 10 in Poison Magic
 37511 | Snake:4  | Entered Level 4 of the Snake Pit
 39429 | Snake:4  | Reached XP level 19. HP: 97/147 MP: 17/36
 39711 | Snake:4  | HP: 7/147 [poisoned by a naga warrior (splash of poison)]
 40204 | Snake:4  | Got a serpentine rune of Zot
 40443 | Shoals:1 | Entered Level 1 of the Shoals
 42251 | Shoals:2 | Learned a level 6 spell: Summon Cactus Giant
 42453 | Shoals:2 | Found Cugimio's Book Emporium.
 42464 | Shoals:2 | Bought a manual of Fire Magic for 1200 gold pieces
 43002 | Shoals:3 | Noticed Aizul
 43016 | Shoals:3 | Killed Aizul
 43994 | Shoals:4 | Entered Level 4 of the Shoals
 44470 | Shoals:4 | Got a barnacled rune of Zot
 44732 | Shoals:4 | Reached XP level 20. HP: 156/156 MP: 37/37
 45811 | Elf:1    | Entered Level 1 of the Elven Halls
 46316 | Elf:1    | Found Biuczeuw's Magic Scroll Emporium.
 47250 | Elf:1    | Found Tumamex's Jewellery Emporium.
 47743 | Elf:2    | Paralysed by an air elemental for 1 turns
 48140 | Elf:2    | Found Xafrot's Weapon Shop.
 48140 | Elf:2    | Found Rair's Armour Boutique.
 48545 | Elf:2    | Learned a level 7 spell: Orb of Destruction
 48575 | Elf:2    | Found a runed translucent gate.
 48576 | Elf:2    | Found a runed translucent gate.
 48576 | Elf:2    | Found a runed translucent gate.
 48754 | Elf:2    | Found Sur Itum's General Store.
 48872 | Elf:3    | Entered Level 3 of the Elven Halls
 49105 | Elf:3    | Learned a level 7 spell: Storm Form
 49430 | Elf:3    | Reached skill level 15 in Invocations
 49430 | Elf:3    | Reached XP level 21. HP: 143/164 MP: 8/39
 49436 | Elf:3    | Identified the +4 spear "Newtbane" {holy, *Slow rF- Int+8
                  | Dex+4}
 49716 | Elf:3    | Paralysed by an air elemental for 1 turns
 49947 | Elf:3    | Identified the +3 trident of Untruth {flame, Str+3}
 50168 | Elf:3    | Got the Tome of Summoning
 50215 | Elf:3    | Got the Almanac of Burning Changing
 50596 | Vaults:1 | Entered Level 1 of the Vaults
 51381 | Vaults:1 | Reached skill level 15 in Spellcasting
 51745 | Vaults:1 | Reached skill level 15 in Dodging
 52288 | Vaults:1 | Reached skill level 15 in Stealth
 52837 | Vaults:1 | Reached XP level 22. HP: 168/173 MP: 34/41
 54354 | Vaults:2 | Found a staircase to the Crypt.
 55312 | Vaults:3 | Identified the +0 robe of Complete Protection {rC++ Regen+
                  | Int+2 Stlth+}
 55325 | Vaults:3 | Found a radiant altar of Vehumet.
 55349 | Vaults:3 | Learned a level 6 spell: Iron Shot
 55638 | Vaults:3 | Reached skill level 15 in Fighting
 55638 | Vaults:3 | Reached skill level 15 in Short Blades
 55638 | Vaults:3 | Reached skill level 15 in Long Blades
 55638 | Vaults:3 | Reached skill level 15 in Axes
 55638 | Vaults:3 | Reached skill level 15 in Maces & Flails
 55638 | Vaults:3 | Reached skill level 15 in Polearms
 55638 | Vaults:3 | Reached skill level 15 in Staves
 55638 | Vaults:3 | Reached skill level 15 in Slings
 55638 | Vaults:3 | Reached skill level 15 in Bows
 55638 | Vaults:3 | Reached skill level 15 in Crossbows
 55638 | Vaults:3 | Reached skill level 15 in Throwing
 55638 | Vaults:3 | Reached skill level 15 in Armour
 55638 | Vaults:3 | Reached skill level 15 in Shields
 55638 | Vaults:3 | Reached skill level 15 in Unarmed Combat
 55638 | Vaults:3 | Reached skill level 15 in Evocations
 56925 | Vaults:4 | Reached XP level 23. HP: 181/181 MP: 39/42
 57108 | Vaults:4 | Cast into level 2 of the Abyss (a wizard)
 57418 | Abyss:2  | Gained mutation: Your magical capacity is low. (-10% MP) [a
                  | neqoxec]
 57419 | Abyss:2  | Gained mutation: Your magical capacity is very low. (-20%
                  | MP) [a neqoxec]
 57676 | Vaults:4 | Escaped the Abyss
 57860 | Vaults:4 | Noticed Bai Suzhen
 57871 | Vaults:4 | Killed Bai Suzhen
 58401 | Vaults:4 | Lost mutation: Your magical capacity is very low. (-20% MP)
                  | [potion of mutation]
 58401 | Vaults:4 | Lost mutation: Your magical capacity is low. (-10% MP)
                  | [potion of mutation]
 58401 | Vaults:4 | Gained mutation: Your muscles are strong. (Str +2) [potion
                  | of mutation]
 58401 | Vaults:4 | Gained mutation: Your movements are slightly less
                  | encumbered by armour. (ER -2) [potion of mutation]
 58550 | Crypt:1  | Entered Level 1 of the Crypt
 58672 | Crypt:1  | Found a magical portal.
 58678 | WizLab   | Entered Alistair's Party Mansion
 59295 | WizLab   | Got the Volume of Mutagenic Intoxication
 59719 | WizLab   | Acquired the ring of Qoqury {rN+ Str+5 Slay+4}
 60068 | Crypt:1  | Reached skill level 15 in Fire Magic
 60995 | Crypt:1  | Acquired the +3 Elemental Staff {rElec rF++ rC++ AC+5}
 60995 | Crypt:1  | Found the +3 Elemental Staff {rElec rF++ rC++ AC+5}
 62276 | Crypt:2  | Noticed Arizal's ghost (veteran MiBe)
 62279 | Crypt:2  | Found a runed translucent door.
 62672 | Crypt:3  | Entered Level 3 of the Crypt
 62681 | Crypt:3  | Noticed Frederick
 62953 | Crypt:3  | Reached skill level 15 in Conjurations
 63019 | Crypt:3  | Killed Frederick
 63669 | Crypt:3  | Reached XP level 24. HP: 189/189 MP: 41/43
 64084 | Crypt:3  | Found an ancient bone altar of Kikubaaqudgha.
 64290 | Crypt:3  | Got the Tome of Toxins
 64295 | Crypt:3  | Identified the +7 scale mail of Hepliaklqana's Favour
                  | {*Corrode rElec Will+}
 64318 | Crypt:3  | Noticed an ancient lich
 64329 | Crypt:3  | Killed an ancient lich
 64638 | Crypt:3  | Found a staircase to the Tomb.
 65525 | Depths:1 | Entered Level 1 of the Depths
 66031 | Depths:1 | Found Buekheh's Book Boutique.
 66032 | Depths:1 | Found Goikhemna's Jewellery Shoppe.
 66032 | Depths:1 | Found Ziahedd's Jewellery Shoppe.
 66077 | Depths:1 | Noticed Asterion
 66102 | Depths:1 | Killed Asterion
 66163 | Depths:1 | Learned a level 7 spell: Spellforged Servitor
 66532 | Depths:1 | Identified the ring of Leaves {Contam rF+++ Int-4 SInv
                  | Stlth+}
 66735 | Depths:1 | Found a gateway to Hell.
 67310 | Depths:2 | Found a one-way gate to the infinite horrors of the Abyss.
 67369 | Depths:2 | Found a one-way gateway to a ziggurat.
 68021 | Depths:2 | Found a one-way gate leading to the halls of Pandemonium.
 68028 | Depths:2 | Reached XP level 25. HP: 199/199 MP: 44/44
 68222 | Depths:3 | Found a flickering gateway to a bazaar.
 68235 | Bazaar   | Entered a bazaar
 68237 | Bazaar   | Found Uryixzo's Weapon Boutique.
 68237 | Bazaar   | Found Kogah's Assorted Antiques.
 68266 | Bazaar   | Found Hyxzitz's Weapon Boutique.
 68315 | Bazaar   | Found Hiemotat's Book Shop.
 68759 | Depths:3 | Found an iron altar of Okawaru.
 69144 | Depths:3 | Identified the +9 morningstar "Iddaawiok" {holy, Dex+3}
 69193 | Depths:3 | Noticed Louise
 69203 | Depths:3 | Killed Louise
 69447 | Depths:3 | Learned a level 7 spell: Enfeeble
 69644 | Depths:4 | Entered Level 4 of the Depths
 70005 | Depths:4 | Found a gate to the Realm of Zot.
 71231 | Depths:4 | Found an opulent altar of Gozag.
 71869 | Vaults:5 | Entered Level 5 of the Vaults
 71890 | Vaults:4 | Learned a level 7 spell: Ozocubu's Refrigeration
 72009 | Vaults:5 | Identified the +9 glaive of the Open Hand {pain, rF+++ rC-
                  | Str+4 Stlth+}
 72016 | Vaults:5 | Identified the +3 morningstar of Efiamug {freeze, rElec
                  | rPois Will++ Int-3}
 72023 | Vaults:5 | Noticed a dread lich
 72383 | Vaults:5 | Reached XP level 26. HP: 208/208 MP: 7/44
 72391 | Vaults:5 | Noticed an ancient lich
 72448 | Vaults:5 | Identified the +4 halberd "Tishurye" {freeze, +Blink}
 72452 | Vaults:5 | Killed a dread lich
 72458 | Vaults:4 | Killed an ancient lich
 72783 | Vaults:5 | Noticed a dread lich
 72802 | Vaults:5 | Killed a dread lich
 72954 | Vaults:5 | Identified the +2 leather armour of Ycluer {rElec Int+2}
 72967 | Vaults:5 | Identified the +1 gold dragon scales "Pughatuch" {Harm
                  | rPois rF+ rC+ Will+ Regen+ Str+2}
 72970 | Vaults:5 | Identified the +7 shortbow of Toihyve {flame, rElec rC++
                  | rN+ Str-2}
 73379 | Vaults:5 | Identified the +7 glaive "Luset" {protect, rN+ Str+4 Int-3}
 73502 | Vaults:5 | Identified the +0 pair of boots "Pydduuph" {Rampage Int-5
                  | Slay+2}
 73561 | Vaults:5 | Identified the +1 leather armour of Gravity {Harm Str+3
                  | Stlth+}
 73569 | Vaults:5 | Got Sif Muna's Reference Book on the Destructive Oath
 74051 | Vaults:5 | Identified the +1 plate armour of the Albatross {rPois
                  | Str+3 Dex-3}
 74058 | Vaults:5 | Identified the +10 scimitar of Dissent {drain, rC+ Int-5
                  | SInv Stlth+}
 74175 | Vaults:5 | Got the Almanac of Gravity
 74184 | Vaults:5 | Got a silver rune of Zot
 74663 | Hell     | Entered the Vestibule of Hell
 74924 | Hell     | Reached skill level 15 in Hexes
 74924 | Hell     | Reached skill level 15 in Summonings
 74924 | Hell     | Reached skill level 15 in Necromancy
 74924 | Hell     | Reached skill level 15 in Translocations
 74924 | Hell     | Reached skill level 15 in Transmutations
 74924 | Hell     | Reached skill level 15 in Ice Magic
 74924 | Hell     | Reached skill level 15 in Air Magic
 74924 | Hell     | Reached skill level 15 in Earth Magic
 74924 | Hell     | Reached skill level 15 in Poison Magic
 74929 | Hell     | Noticed Geryon
 75433 | Hell     | Killed Geryon
 75511 | Hell     | Learned a level 8 spell: Lehudib's Crystal Spear
 75795 | Hell     | Found a gateway to the Iron City of Dis.
 75977 | Hell     | Found a gateway to the freezing wastes of Cocytus.
 76200 | Hell     | Found a gateway to the ashen valley of Gehenna.
 76269 | Hell     | Found a gateway to the decaying netherworld of Tartarus.
 76394 | Zot:1    | Entered Level 1 of the Realm of Zot
 76408 | Zot:1    | Noticed an orb of fire
 76807 | Zot:1    | Gained mutation: Your body sometimes deteriorates upon
                  | taking damage. [an orb of fire]
 76808 | Zot:1    | Gained mutation: Your body often deteriorates upon taking
                  | damage. [an orb of fire]
 76809 | Zot:1    | Gained mutation: Your magical capacity is low. (-10% MP)
                  | [an orb of fire]
 76810 | Zot:1    | Gained mutation: Your magical capacity is very low. (-20%
                  | MP) [an orb of fire]
 76810 | Zot:1    | Lost mutation: Your magical capacity is very low. (-20% MP)
                  | [an orb of fire]
 76811 | Zot:1    | Killed an orb of fire
 76835 | Zot:1    | Reached XP level 27. HP: 190/217 MP: 8/40
 78196 | Zot:1    | Identified the +0 ring mail of Ysuaguq {rF+ Slay+2}
 81879 | Zot:3    | Identified the +9 war axe of Pyromania {pain, *Noise
                  | *Corrode Int+10 SInv}
 83032 | Zot:4    | Found a transporter.
 83066 | Zot:4    | Found a transporter.
 83070 | Zot:4    | Found a transporter.
 83373 | Zot:4    | Found a transporter.
 83381 | Zot:4    | Found a transporter.
 83606 | Zot:4    | Found a transporter.
 83800 | Zot:4    | Learned a level 9 spell: Fire Storm
 83815 | Zot:5    | Entered Level 5 of the Realm of Zot
 84233 | Zot:5    | Noticed an orb of fire
 84485 | Depths:3 | Voluntarily entered the Abyss.
 84485 | Abyss:1  | Found a corrupted altar of Lugonu.
 84525 | Abyss:2  | Found a corrupted altar of Lugonu.
 84611 | Abyss:4  | Found a corrupted altar of Lugonu.
 84771 | Abyss:4  | Paralysed by you for 5 turns
 85002 | Abyss:4  | Got an abyssal rune of Zot
 85051 | Abyss:4  | Found a corrupted altar of Lugonu.
 85086 | Abyss:4  | Paralysed by accursed screaming for 1 turns
 85125 | Abyss:4  | Noticed an ancient lich
 85135 | Abyss:4  | Killed an ancient lich
 85140 | Depths:3 | Escaped the Abyss
 85657 | Pan      | Entered the realm of Lom Lobon.
 85657 | Pan      | Entered Pandemonium
 87604 | Pan      | Noticed Lom Lobon
 89584 | Pan      | Quit the game

Illustrated notes

Levels and vault maps discovered:
D:1:      onia_arrival_pyramid, layout_basic, roderic_serpentine_path,
          due_unseen_surprise
D:2:      layout_basic, shapermc_ecumenical_altar_petra, uniq_jessica,
          uniq_natasha
D:3:      minmay_razor_zed, layout_loops_ring, portal_sewer_entry_f
D:4:      layout_loops_ring, gammafunk_ghost_abyssal_escape
D:5:      minmay_clustersquares, layout_rooms
D:6:      layout_loops_ring, minmay_temple_entry_nine_rooms
D:7:      layout_rooms, kennysheep_mini_moat, kennysheep_generic_room_11
D:8:      layout_loops_ring, dpeg_oklobed_lair, enter_bailey_8,
          minmay_misc_feat_cross, uniq_grum, uniq_joseph
D:9:      layout_basic, david_orc_3, uniq_psyche
D:10:     layout_basic, uniq_harold
D:11:     layout_basic, kennysheep_generic_room_15
D:12:     layout_stronghold, gammafunk_ghost_cemetery, uniq_lodul
D:13:     layout_irregular_city, skrybe_vaults_entry_preservation, uniq_azrael,
          uniq_maurice
D:14:     layout_cross, gauntlet_entry_generic,
          pdpol_wu_jian_five_deadly_venoms, uniq_josephine
D:15:     grunt_enter_depths_magical_seal, layout_irregular_city,
          serial_park_square1 [serial_park_minivault_5x5_1],
          nicolae_transmutations_shop
Temple:   regret_index_temple_sigil_plot
Lair:1:   layout_chaotic_city, hibernation_bobbens, uniq_amaemon
Lair:2:   layout_chaotic_city
Lair:3:   layout_loops_ring, grunt_megastairs_4, uniq_rupert, uniq_sonja
Lair:4:   layout_regular_city, elwin_shoals_entry_stream,
          guppyfry_snake_entry_island, portal_ice_cave_entry_pillars_1,
          nicolae_lair_lakeside_cave
Lair:5:   layout_layer_cave, nicolae_volcano_entry_hallway
Lair:6:   minmay_lair_end_frog_pond, layout_gridlike, slime_altar_1,
          minivault_11, nicolae_lair_lindhole
Shoals:1: layout_shoals, nicolae_shoals_water_booths
Shoals:2: layout_shoals, serial_shops, nicolae_shop_stone
Shoals:3: layout_shoals, uniq_aizul
Shoals:4: shoals_end_hellmonk_lost_city
Snake:1:  layout_misc_corridors, grunt_megastairs_5, serial_bayou_shore_b
Snake:2:  layout_gridlike, nicolae_shop_gadgets, grunt_megastairs_1,
          minmay_shop_star, lemuel_fruit_tree
Snake:3:  layout_layer_cave, serial_shops, statue_bzr
Snake:4:  grunt_snake_rune_serpentine_throne, layout_cave_town,
          nicolae_snake_omega
Orc:1:    layout_diamond_mine
Orc:2:    st_orc_elflike, layout_caves, basic_altar
Elf:1:    eino_elf_arrival_the_gate, layout_loops_corners, serial_shops,
          nicolae_lakefront_shop, shop, hangedman_elf_disciples, laboratory
Elf:2:    nicolae_elf_blades_crystal_corner, layout_geoelf_grid, serial_shops,
          nicolae_shop_hallway_plus, minmay_shoptagon
Elf:3:    minmay_elf_hall_four_x, layout_geoelf_octagon
Vaults:1: vaults_room_corners, nicolae_vaults_angled_halls, v_misc_11,
          nicolae_vaults_network_s, ontoclasm_vaults_ring_small, v_pattern_5,
          vaults_dpeg_spiral, v_misc_13, vaults_room_grunt_arrival_ludios,
          hangedman_vaults_corner_blocks, nicolae_vaults_mini_display_case,
          ontoclasm_vaults_gateway, layout_vaults_omnicross
Vaults:2: hangedman_vaults_river_flow, vaults_mumra_hexcomb,
          minmay_crypt_entry_vampire_xt, nicolae_vaults_twisting_passages,
          serial_ice_b, v_rooms_6, v_alt_pattern_6, vaults_dpeg_doors,
          v_misc_19, nicolae_vaults_triangles, vaults_dpeg_encased_lava,
          nicolae_vaults_little_squares_4, layout_vaults_ring
Vaults:3: vaults_standard_mumra_enter_the_diamond, grunt_tower_of_power,
          nicolae_vaults_hallways_thing, vaults_dpeg_ring,
          nicolae_vaults_sealed_display, vaults_room_stairs_pillars, v_misc_11,
          layout_vaults_big_room
Vaults:4: v_misc_29, nicolae_vaults_ninety_degrees, vaults_room_grid,
          vaults_room_door_hall, nicolae_vaults_little_squares_2, v_pattern_2,
          ontoclasm_vaults_eye, layout_vaults_omnigrid, uniq_bai_suzhen
Vaults:5
Crypt:1:  layout_gridlike, mu_enter_wizlab_7, serial_co_window_serial,
          co_window_cross_1, co_window_of_opportunity_a, co_window_paths_b,
          co_window_paths_a, co_window_paths_a, co_window_corner_a,
          co_window_of_opportunity_a, co_window_corner_b, co_window_broadway_c,
          co_window_broadway_c, co_window_unsneaky_path_a, co_window_4corner_b,
          glass_columns_c, glass_columns_a, glass_columns_c, glass_columns_a,
          lemuel_dead_fish_pool, st_stairs_13
Crypt:2:  layout_chaotic_city, hellmonk_ghost_happy_afterlife,
          grunt_megastairs_2, uniq_josephina
Crypt:3:  evilmike_haunted_forest, uniq_frederick
Depths:1: layout_gridlike, minmay_misc_feat_four_crosses,
          hangedman_coc_ice_floe, serial_glass, glass_columns_a,
          glass_columns_a, glass_columns_b, glass_columns_b, glass_columns_b,
          glass_columns_a, minmay_statues_item, lightli_fourway_metalbox,
          serial_bayou_shore_b, minmay_shop_grove, uniq_asterion
Depths:2: nicolae_cairo_tiling_large_dashed, layout_basic, enter_ziggurat_b,
          abyss_entry, small_statue_intersection, grunt_hell_entry_dis_mu,
          rand_demon_pan_entry_9
Depths:3: minmay_curly_fans, layout_gridlike, pf_hell_entry_tar_river,
          serial_shops, bzr_entry_customers, serial_curves, eino_curves_01,
          eino_curves_04, nicolae_abyss_entry_one_way_or_another,
          okawaru_ov_weapons_minmay
Depths:4: evilmike_zot_entry_argh, layout_gridville, nicolae_gozag_seed_capital,
          grunt_mini_vestibule, pan_entry
Hell
Zot:1:    kennysheep_blocky_room, layout_onion_interference, lemuel_lake_of_fire
Zot:2:    layout_twisted_circle
Zot:3:    gammafunk_mikee_crab_dinner, layout_onion
Zot:4:    layout_twisted_circle, grunt_ministairs_5, serial_nicolae_subway,
          nicolae_sub_station_stone, nicolae_sub_station_crystal,
          nicolae_sub_station_metal
Zot:5:    layout_cathedral_of_symmetry, skrybe_zot_glass_2
Pan:      lom_lobon_spiral_st, layout_basic

Skill      XL: |  1  2  3  4  5  6  7  8  9 10 11 12 13 14 15 16 17 18 19 20 21 22 23 24 25 26 27 |
---------------+----------------------------------------------------------------------------------+-----
Spellcasting   | 5 6 7 8 9 10 11 12 13 14 15 16 17 18 19 | 19.9
Fighting       | 1 2 3 4 5 6 7 8 9 10 11 12 13 14 15 16 17 19 | 19.3
Short Blades   | 1 2 3 4 5 6 7 8 9 10 11 12 13 14 15 16 17 19 | 19.3
Long Blades    | 1 2 3 4 5 6 7 8 9 10 11 12 13 14 15 16 17 19 | 19.3
Axes           | 1 2 3 4 5 6 7 8 9 10 11 12 13 14 15 16 17 19 | 19.3
Maces & Flails | 1 2 3 4 5 6 7 8 9 10 11 12 13 14 15 16 17 19 | 19.3
Polearms       | 1 2 3 4 5 6 7 8 9 10 11 12 13 14 15 16 17 19 | 19.3
Staves         | 1 2 3 4 5 6 7 8 9 10 11 12 13 14 15 16 17 19 | 19.3
Slings         | 1 2 3 4 5 6 7 8 9 10 11 12 13 14 15 16 17 19 | 19.3
Bows           | 1 2 3 4 5 6 7 8 9 10 11 12 13 14 15 16 17 19 | 19.3
Crossbows      | 1 2 3 4 5 6 7 8 9 10 11 12 13 14 15 16 17 19 | 19.3
Throwing       | 1 2 3 4 5 6 7 8 9 10 11 12 13 14 15 16 17 19 | 19.3
Armour         | 1 2 3 4 5 6 7 8 9 10 11 12 13 14 15 16 17 19 | 19.3
Shields        | 1 2 3 4 5 6 7 8 9 10 11 12 13 14 15 16 17 19 | 19.3
Unarmed Combat | 1 2 3 4 5 6 7 8 9 10 11 12 13 14 15 16 17 19 | 19.3
Invocations    | 1 2 3 4 5 6 7 8 9 10 11 12 13 14 15 16 17 18 19 20 | 20.9
Evocations     | 1 2 3 4 5 6 7 8 9 10 11 12 13 14 15 16 17 19 | 19.3
Hexes          | 1 2 3 4 5 6 7 8 9 10 11 12 13 14 15 16 | 16.5
Summonings     | 1 2 3 4 5 6 7 8 9 10 11 12 13 14 15 16 | 16.5
Necromancy     | 1 2 3 4 5 6 7 8 9 10 11 12 13 14 15 16 | 16.5
Translocations | 1 2 3 4 5 6 7 8 9 10 11 12 13 14 15 16 | 16.5
Transmutations | 1 2 3 4 5 6 7 8 9 10 11 12 13 14 15 16 | 16.5
Fire Magic     | 1 2 3 4 5 6 7 8 9 10 11 12 13 14 15 16 17 18 20 | 20.4
Ice Magic      | 1 2 3 4 5 6 7 8 9 10 11 12 13 14 15 16 | 16.5
Air Magic      | 1 2 3 4 5 6 7 8 9 10 11 12 13 14 15 16 | 16.5
Earth Magic    | 1 2 3 4 5 6 7 8 9 10 11 12 13 14 15 16 | 16.5
Poison Magic   | 1 2 3 4 5 6 7 8 9 10 11 12 13 14 15 16 | 16.5
Dodging        | 5 6 7 8 9 10 11 12 13 14 15 16 17 18 19 | 19.8
Stealth        | 5 6 7 8 9 10 11 12 13 14 15 16 17 18 19 | 19.7
Conjurations   | 8 9 10 11 12 13 14 15 16 17 | 17.8

Action                   |  1- 3 |  4- 6 |  7- 9 | 10-12 | 13-15 | 16-18 | 19-21 | 22-24 | 25-27 || total
-------------------------+-------+-------+-------+-------+-------+-------+-------+-------+-------++-------
Melee: Unarmed           |       |    23 |    27 |    32 |       |       |    40 |    71 |   121 ||   314
       Bite              |       |     4 |       |    70 |   100 |    73 |   170 |   217 |   228 ||   862
       Short sword       |       |       |     3 |    29 |       |       |       |       |       ||    32
       Punch             |       |       |     1 |       |       |       |     7 |    10 |    16 ||    34
       Dagger            |       |       |       |    76 |       |       |       |       |       ||    76
       Scimitar          |       |       |       |    49 |    94 |       |       |       |       ||   143
       Long sword        |       |       |       |    23 |       |       |       |       |       ||    23
       Demon whip        |       |       |       |   272 |   383 |    85 |   599 |   299 |       ||  1638
       Broad axe         |       |       |       |       |    56 |   326 |    44 |   454 |   384 ||  1264
       Staff             |       |       |       |       |       |       |       |   199 |   586 ||   785
       Demon trident     |       |       |       |       |       |       |       |       |    33 ||    33
Throw: Dart              |       |       |     7 |       |     2 |     1 |       |     2 |       ||    12
       Throwing net      |       |       |       |       |     2 |       |       |       |       ||     2
       Boomerang         |       |       |       |       |       |    36 |    28 |    11 |    52 ||   127
       Javelin           |       |       |       |       |       |       |       |       |    95 ||    95
 Cast: Magic Dart        |    52 |   128 |   150 |    54 |    36 |       |     1 |       |       ||   421
       Searing Ray       |       |    19 |    51 |    72 |    22 |       |       |       |       ||   164
       Iskenderun's Myst |       |     1 |     1 |     3 |   179 |    83 |    63 |    54 |   156 ||   540
       Spider Form       |       |       |     3 |     3 |       |       |       |       |       ||     6
       Irradiate         |       |       |       |       |    19 |    10 |     7 |     7 |    12 ||    55
       Fireball          |       |       |       |       |    60 |    27 |    42 |    19 |     3 ||   151
       Airstrike         |       |       |       |       |    18 |   240 |   391 |   221 |   445 ||  1315
       Statue Form       |       |       |       |       |       |     8 |    14 |    34 |    76 ||   132
       Simulacrum        |       |       |       |       |       |     5 |       |       |       ||     5
       Summon Cactus Gia |       |       |       |       |       |       |    16 |     7 |       ||    23
       Orb of Destructio |       |       |       |       |       |       |     5 |     8 |    22 ||    35
       Storm Form        |       |       |       |       |       |       |     6 |     9 |    14 ||    29
       Iron Shot         |       |       |       |       |       |       |       |   156 |     2 ||   158
       Spellforged Servi |       |       |       |       |       |       |       |     4 |    18 ||    22
       Ozocubu's Refrige |       |       |       |       |       |       |       |       |    38 ||    38
       Enfeeble          |       |       |       |       |       |       |       |       |     5 ||     5
       Lehudib's Crystal |       |       |       |       |       |       |       |       |   116 ||   116
       Fire Storm        |       |       |       |       |       |       |       |       |     4 ||     4
Invok: Slouch            |       |       |       |       |     4 |       |       |     1 |     1 ||     6
       Bend Time         |       |       |       |       |       |       |       |     1 |       ||     1
 Abil: Blinkbolt         |       |       |       |       |       |       |     6 |     8 |    11 ||    25
       End Transformatio |       |       |       |       |       |       |       |     1 |     1 ||     2
Evoke: Wand              |       |       |     1 |    18 |     8 |       |       |     3 |     2 ||    32
       Condenser vane    |       |       |       |       |       |     1 |     3 |     3 |     5 ||    12
       Tin of tremorston |       |       |       |       |       |       |       |     1 |    13 ||    14
       Lightning rod     |       |       |       |       |       |       |       |       |     4 ||     4
       Horn of Geryon    |       |       |       |       |       |       |       |       |     5 ||     5
       Box of beasts     |       |       |       |       |       |       |       |       |     6 ||     6
  Use: Scroll            |       |     5 |     5 |    10 |    21 |     5 |    13 |     6 |    20 ||    85
       Potion            |       |     2 |       |     4 |     3 |     3 |     2 |     2 |     8 ||    24
 Stab: Sleeping          |       |       |     1 |     4 |    11 |    17 |     6 |    20 |     7 ||    66
       Paralysed         |       |       |       |     3 |       |       |       |       |       ||     3
       Distracted        |       |       |       |       |     5 |     8 |     2 |     3 |     7 ||    25
       Invisible         |       |       |       |       |       |       |       |       |     1 ||     1
Armor: Robe              |       |     4 |       |       |       |       |       |       |       ||     4
       Ring mail         |       |     3 |    29 |   137 |    94 |    79 |   124 |   124 |   168 ||   758
       Plate armour      |       |       |       |       |    14 |       |       |       |       ||    14
       Skin              |       |       |       |       |       |    44 |    69 |   236 |   461 ||   810
Dodge: Dodged            |     7 |    38 |    64 |   275 |   237 |   310 |   615 |   987 |  1673 ||  4206
Block: Tower shield      |       |       |       |   892 |   790 |   915 |  1234 |  1762 |  2414 ||  8007
       Reflection        |       |       |       |    11 |    30 |   124 |   145 |    53 |    70 ||   433

Table legend: (Time is in decaauts)
 A = Elapsed time spent in this place.
 B = Non-inter-level travel time spent in this place.
 C = Inter-level travel time spent in this place.
 D = Time resting spent in this place.
 E = Time spent auto-exploring this place.
 F = Levels seen in this place.
 G = Mean time per level.
                   A        B        C        D        E       F      G
               +--------+--------+--------+--------+--------+-----+--------+
         Total | 131908 | 122031 |   9877 |  16163 |  80908 |  67 | 1968.8 |
       Dungeon |  23721 |  20245 |   3476 |   1041 |  16160 |  15 | 1581.4 |
        Temple |     82 |     44 |     38 |      0 |     29 |   1 |   82.0 |
          Lair |  13997 |  12748 |   1249 |   1727 |   8463 |   6 | 2332.8 |
        Shoals |   8023 |   7628 |    395 |    866 |   5534 |   4 | 2005.8 |
     Snake Pit |  11455 |  11008 |    447 |   2203 |   7087 |   4 | 2863.8 |
  Orcish Mines |   2859 |   2499 |    360 |    350 |   1666 |   2 | 1429.5 |
   Elven Halls |   6868 |   6556 |    312 |    534 |   4818 |   3 | 2289.3 |
        Vaults |  15785 |  14311 |   1474 |   2054 |   9512 |   5 | 3157.0 |
         Crypt |   9338 |   8804 |    534 |    995 |   5805 |   3 | 3112.7 |
        Depths |  12016 |  10943 |   1073 |   2675 |   6541 |   4 | 3004.0 |
          Hell |   1409 |   1384 |     25 |     46 |    901 |   1 | 1409.0 |
           Zot |  10740 |  10251 |    489 |   1431 |   7005 |   5 | 2148.0 |
         Abyss |   2211 |   2211 |      0 |     57 |    883 |   6 |  368.5 |
   Pandemonium |   5815 |   5815 |      0 |    871 |   2887 |   1 | 5815.0 |
        Bazaar |    255 |    255 |      0 |      0 |    204 |   1 |  255.0 |
         Sewer |   1333 |   1333 |      0 |    294 |    773 |   1 | 1333.0 |
        Bailey |   1663 |   1663 |      0 |    190 |    986 |   1 | 1663.0 |
      Ice Cave |   1362 |   1362 |      0 |    463 |    340 |   1 | 1362.0 |
       Volcano |    634 |    634 |      0 |      0 |    413 |   1 |  634.0 |
        Wizlab |   1572 |   1572 |      0 |    361 |    417 |   1 | 1572.0 |
      Gauntlet |    759 |    759 |      0 |      0 |    477 |   1 |  759.0 |
               +--------+--------+--------+--------+--------+-----+--------+

Top non-repeatable levels by time:
 Crypt:3: 4137 daAuts
Depths:4: 4087 daAuts
Vaults:4: 3662 daAuts
Vaults:1: 3633 daAuts
 Snake:4: 3515 daAuts
Vaults:2: 3417 daAuts
   Zot:3: 2989 daAuts
 Crypt:1: 2980 daAuts
 Snake:3: 2977 daAuts
Depths:1: 2946 daAuts
   Zot:2: 2928 daAuts
Vaults:5: 2890 daAuts
    D:13: 2866 daAuts
     D:9: 2811 daAuts
  Lair:5: 2803 daAuts
